 Dungeon Crawl Stone Soup version 0.24-a0-292-g5c6fb1cd70 (webtiles) character file.

Game seed: 6028301424229667995

80 Redear the Ducker (level 4, -4/21 HPs)
             Began as a Felid Monk on May 10, 2019.
             Killed by divine providence
             ... invoked by an orc priest
              (15 damage)
             ... on level 2 of the Dungeon.
             The game lasted 00:04:17 (3147 turns).

Redear the Ducker (Felid Monk)                      Turns: 3147, Time: 00:04:17

Health: -4/21      AC:  1    Str:  8    XL:     4   Next: 18%
Magic:  5/5        EV: 22    Int: 11    God:
Gold:   113        SH:  0    Dex: 18    Spells: 3/3 levels left
                                        Lives:  0   Deaths: 1

rFire    . . .     SeeInvis +     - Unarmed
rCold    . . .     Gourm    .   (shield unavailable)
rNeg     . . .     Faith    .   (armour unavailable)
rPois    .         Spirit   .   (helmet unavailable)
rElec    .         Reflect  .   (cloak unavailable)
rCorr    .         Harm     .   (gloves unavailable)
MR       .....                  (boots unavailable)
Stlth    +++.......             (no amulet)
HPRegen  0.07/turn              (no ring)
MPRegen  0.09/turn              (no ring)

@: quick
A: very small, no armour, no weapons or thrown items, stealth, claws 1, fangs 3,
see invisible, carnivore, speed 1, shaggy fur 1, slow metabolism 1, sharp paws
a: no special abilities


You were on level 2 of the Dungeon.
You were not hungry.

You visited 1 branch of the dungeon, and saw 3 of its levels.

You collected 113 gold pieces.

Inventory:

Scrolls
 a - 2 scrolls of noise {unknown}
 b - 2 scrolls of teleportation {unknown}
 c - a scroll of immolation
 d - a scroll of magic mapping {unknown}
 N - a scroll of remove curse {@r2}
 R - 2 scrolls of identify {@r1}
Potions
 e - a potion of lignification {unknown}
 l - 2 potions of flight
Comestibles
 z - 3 rations


   Skills:
 - Level 3.0 Fighting
 + Level 6.1 Dodging
 - Level 2.6 Stealth
 + Level 4.5 Unarmed Combat


You had 3 spell levels left.
You didn't know any spells.
Your spell library was empty.

Dungeon Overview and Level Annotations

Branches:
Dungeon (3/15)

Altars:


Innate Abilities, Weirdness & Mutations

You cannot wear armour.
You are incapable of wielding weapons or throwing items.
Your paws allow you to move quietly. (Stealth)
You have sharp claws.
You have razor-sharp teeth.
You have supernaturally acute eyesight. (SInv)
You are carnivorous and can eat meat at any time.
You cover ground quickly.
You are covered in fur. (AC +1)
You have a slow metabolism.
Your sharp claws are effective at attacking unaware monsters.


Message History

Unknown command.
The orc priest looks satisfied for a moment.
The orc priest closely misses you.
You scratch the orc priest but do no damage.
The orc priest hits you with a +0 falchion.
You take 3 damage, and have 18/21 hp.
You closely miss the orc priest. You claw the orc priest!
The orc priest is heavily wounded.
The orc priest barely misses you.
You scratch the orc priest but do no damage.
The orc priest is heavily wounded.
The orc priest hits you with a +0 falchion!
You take 7 damage, and have 11/21 hp.
MASSIVE DAMAGE!!
You barely miss the orc priest. Your bite misses the orc priest.
The orc priest is heavily wounded.
The orc priest invokes the aid of Beogh against you.
Beogh smites you!
Ouch! That really hurt!
You die...

.....................# #.#
.....................###.##
........÷..............#..#
...........###..######.##.#
..........## #..#.........#
..........# #..#)####.####
..........####..#......#
.####.......##..#################
.# #.......##.o@................
.####.[.....##.################.#
...............>..............#.#
............#...#############.#.#
....(.......#........<..# #.#.#
..#.........#......##.#.# #.#.#
.........†..#...##.#..#.# #.#.#
............#o..##.#....# #.#.#
................##.##########.#.#


You could see an orc priest.

Vanquished Creatures
  An orc wizard (D:2)
  2 adders
  2 dart slugs (D:1)
  2 leopard geckos
  4 orcs
  A ball python (D:1)
  4 giant cockroaches
  5 goblins
  12 hobgoblins
  15 jackals
  A quokka (D:2)
  5 bats
  5 frilled lizards
  8 kobolds
  6 rats
73 creatures vanquished.

Notes
Turn   | Place    | Note
-------+----------+-------------------------------------------
     0 | D:1      | Redear the Felid Monk began the quest for the Orb.
     0 | D:1      | Reached XP level 1. HP: 10/10 MP: 2/2
   300 | D:1      | Reached XP level 2. HP: 12/14 MP: 3/3
   770 | D:1      | Reached XP level 3. HP: 17/17 MP: 4/4
   795 | D:1      | Reached skill level 5 in Dodging
  1351 | D:2      | You fall through a shaft!
  1464 | D:2      | Reached skill level 4 in Unarmed Combat
  1569 | D:2      | Reached XP level 4. HP: 11/21 MP: 5/5
  1857 | D:2      | You fall through a shaft!
  2156 | D:2      | Found a faded altar of an unknown god.
  2843 | D:2      | Killed from afar by an orc priest
  2844 | D:2      | Reached XP level 3. HP: 0/17 MP: 4/4
  2869 | D:2      | Reached skill level 6 in Dodging
  2869 | D:2      | Reached XP level 4. HP: 5/21 MP: 5/5
  3147 | D:2      | Killed from afar by an orc priest

Levels and vault maps discovered:
D:1:      nagdon_arrival_double_spiral, layout_loops_ring, supply_closet_lemuel
D:2:      cheibrodos_pilgrimage, layout_basic, first_ration,
          chequers_ecumenical_altar_simple
D:3:      layout_loops_ring, dancing_weapons_uskayaw, nrook_mini_backslash,
          minivault_14

Skill      XL: |  1  2  3 |
---------------+----------+-----
Dodging        | 6 |  6.1
Unarmed Combat | 4 |  4.5
Fighting       | |  3.0
Stealth        | |  2.6

Action                   |  1- 3 |  4- 6 || total
-------------------------+-------+-------++-------
Melee: Unarmed           |   144 |    61 ||   205
       Bite              |    13 |     8 ||    21
       Punch             |     1 |     2 ||     3
  Use: Scroll            |       |     3 ||     3
       Potion            |       |     2 ||     2
 Stab: Sleeping          |    10 |     2 ||    12
  Eat: Chunk             |       |     3 ||     3
Armor: Skin              |    12 |     2 ||    14
Dodge: Dodged            |   115 |    48 ||   163

Table legend:
 A = Non-vault XP
 B = Vault XP
 C = Vault XP percentage of total XP
 D = Non-vault monster count
 E = Vault monster count
 F = Vault count percentage of total count
                 A         B        C        D         E       F
            +---------+---------+-------+---------+---------+-------
      Total |     151 |      46 |  23.4 |      70 |       3 |   4.1
            +---------+---------+-------+---------+---------+-------
        D:1 |      68 |       0 |   0.0 |      38 |       0 |   0.0
        D:2 |      38 |      46 |  54.8 |      16 |       3 |  15.8
        D:3 |      45 |       0 |   0.0 |      16 |       0 |   0.0
            +---------+---------+-------+---------+---------+-------
